 Dungeon Crawl Stone Soup version 0.29.1-1-gd02db6906a (webtiles) character file.

Game seed: 10498403398112685180

30 Ashen the Insei (level 3, 0/26 HPs)
             Began as a Demonspawn Transmuter on Oct 8, 2022.
             Slain by a kobold
             ... wielding a +0 dagger
              (2 damage)
             ... on level 2 of the Dungeon.
             The game lasted 00:01:01 (1027 turns).

Ashen the Insei (Demonspawn Transmuter)             Turns: 1027, Time: 00:01:02

Health: 0/26       AC:  2    Str: 10    XL:     3   Next: 3%
Magic:  5/6        EV: 12    Int: 16    God:
Gold:   112        SH:  0    Dex: 13    Spells: 5/6 levels left

rFire   . . .      SeeInvis .     - Unarmed
rCold   . . .      Faith    .   (no shield)
rNeg    . . .      Spirit   .   a - +0 robe
rPois   .          Reflect  .   (helmet currently unavailable)
rElec   .          Harm     .   (no cloak)
rCorr   .          Rampage  .   (no gloves)
Will    .....                   (boots currently unavailable)
Stlth   +.........              (no amulet)
HPRegen 0.08/turn               (no ring)
MPRegen 0.10/turn               (no ring)

@: appendages (expiring)
A: horns 2, talons 2, demonic touch 1
a: End Transformation


You were on level 2 of the Dungeon.
You had temporarily grown beastly horns and talons.
You visited 1 branch of the dungeon, and saw 2 of its levels.

You collected 112 gold pieces.

Inventory:

Armour
 a - a +0 robe (worn)
Scrolls
 c - a scroll of amnesia {unknown}
 d - 2 scrolls of identify {unknown}
 f - a scroll of noise {unknown}
 g - a scroll of teleportation {unknown}
Potions
 b - 2 potions of lignification
 e - 2 potions of brilliance {unknown}


   Skills:
 + Level 1.5 Fighting
 + Level 2.1 Dodging
 + Level 2.9 Unarmed Combat
 + Level 2.2 Spellcasting
 + Level 2.1 Transmutations


You had 5 spell levels left.
You knew the following spells:

 Your Spells              Type           Power      Damage    Failure   Level
a - Beastly Appendage     Tmut           16%        N/A       9%          1

Your spell library contained the following spells:

 Spells                   Type           Power      Damage    Failure   Level
 Wereblood                Tmut           8%         N/A       13%         2
 Spider Form              Tmut/Pois      5%         N/A       36%         3
 Ice Form                 Ice/Tmut       5%         N/A       78%         4
 Hailstorm                Conj/Ice       1%         3d3       90%         4
 Simulacrum               Ice/Necr       0%         N/A       100%        6


Dungeon Overview and Level Annotations

Branches:
Dungeon (2/15)

Altars:

Annotations:
D:2 Natasha


Innate Abilities, Weirdness & Mutations

You have temporarily grown beastly horns and talons.
Your touch may inflict minor irresistible damage on your foes.


Message History

The endoplasm quivers.
The bat hits you but does no damage.
You barely miss the bat. The bat hits you but does no damage.
A kobold comes into view. It is wielding a +0 dagger.
You barely miss the bat. Your kick misses the bat.
You touch the bat.
You kill the bat!
You have reached level 3!
Your experience leads to an increase in your attributes!
Increase (S)trength, (I)ntelligence, or (D)exterity?
You feel clever. x2
You hit the endoplasm.
You claw the endoplasm, but do no damage.
The endoplasm is almost dead.
The endoplasm barely misses you. Natasha closely misses you.
You hit the endoplasm.
You kill the endoplasm!
You closely miss Natasha. Your kick misses Natasha. Natasha claws you!
You hit Natasha.
Natasha is lightly wounded.
Natasha barely misses you.
You hit Natasha. Your kick misses Natasha. Your headbutt misses Natasha.
Natasha is heavily wounded.
Natasha mumbles some strange words.
You completely miss Natasha. You claw Natasha.
You headbutt Natasha, but do no damage.
Natasha is severely wounded.
Your transformation is almost over.
Natasha claws you! The kobold hits you with a +0 dagger.
You hit Natasha. Your headbutt misses Natasha. Your touch misses Natasha.
Natasha is almost dead.
Natasha stares at you and mumbles some strange words.
The magic dart hits you.
* * * LOW HITPOINT WARNING * * *
The kobold closely misses you.
You barely miss Natasha.
Natasha is severely wounded.
The crimson imp hits you.
* * * LOW HITPOINT WARNING * * *
Natasha misses you. The kobold hits you with a +0 dagger.
You die...

### .. #
# #. .#
#.##.##.#
#....<..#
###..@###
#>.Kh5#
#<.....#
#......#
#......#
#.....##
.#...##
.#.....


You could see Natasha, a crimson imp (summoned) and a kobold.

Vanquished Creatures
  3 dart slugs (D:1)
  2 endoplasms
  A giant cockroach (D:1)
  3 goblins (D:1)
  2 hobgoblins (D:1)
  2 kobolds (D:1)
  A quokka (D:1)
  2 ball pythons
  2 bats
  A frilled lizard (D:1)
  4 rats (D:1)
23 creatures vanquished.

Notes
Turn   | Place    | Note
-------+----------+-------------------------------------------
     0 | D:1      | Ashen the Demonspawn Transmuter began the quest for the
                  | Orb.
     0 | D:1      | Reached XP level 1. HP: 15/15 MP: 3/3
   376 | D:1      | Gained mutation: Your touch may inflict minor irresistible
                  | damage on your foes. [demonic ancestry]
   376 | D:1      | Reached XP level 2. HP: 16/21 MP: 3/5
  1015 | D:2      | Noticed Natasha
  1020 | D:2      | Reached XP level 3. HP: 26/26 MP: 4/6
  1027 | D:2      | Slain by a kobold

Illustrated notes

Levels and vault maps discovered:
D:1:      scummos_arrival_checkerplants, layout_basic, serial_park_tiny_1,
          hangedman_abyss_or_decor_stabs, minmay_liquid_box, minmay_tripent
D:2:      layout_loops_cross, ebering_ecumenical_altar_ruins,
          minmay_misc_feat_nine_boxes, nicolae_wormholes, uniq_terence,
          uniq_robin, uniq_natasha

Skill      XL: |  1  2 |
---------------+-------+-----
Transmutations | 2 |  2.1
Dodging        | 2 |  2.1
Fighting       | |  1.5
Unarmed Combat | |  2.9
Spellcasting   | |  2.2

Action                   || total
-------------------------++-------
Melee: Unarmed           ||    48
       Headbutt          ||     8
       Kick              ||     7
       Touch             ||     8
       Punch             ||     1
 Cast: Beastly Appendage ||    10
 Stab: Sleeping          ||     1
Armor: Robe              ||    10
Dodge: Dodged            ||    28
